 Dungeon Crawl Stone Soup version 0.21.1-1-g345015fe64 (webtiles) character file.

0 Gargoyl the Skirmisher (level 1, -7/19 HPs)
             Began as a Centaur Abyssal Knight on July 14, 2018.
             Was a Follower of Lugonu.
             Mangled by a spatial maelstrom (24 damage)
             ... on level 2 of the Abyss.
             The game lasted 00:01:02 (311 turns).

Gargoyl the Skirmisher (Centaur Abyssal Knight)      Turns: 311, Time: 00:01:03

Health: -7/19      AC:  4    Str: 14      XL:     1   Next: 0%
Magic:  2/2        EV:  9    Int: 11      God:    Lugonu [*.....]
Gold:   17         SH:  0    Dex:  6 (8)  Spells: 0/0 levels left

rFire    . . .     SeeInvis .   a - +1 hand axe
rCold    . . .     Gourm    .   (no shield)
rNeg     . . .     Faith    .   b - +0 leather armour
rPois    .         Spirit   .   (no helmet)
rElec    .         Reflect  .   (no cloak)
rCorr    .         Harm     .   (no gloves)
MR       .....                  (no barding)
Stlth    ..........             (no amulet)
HPRegen  0.00/turn              (no ring)
MPRegen  0.08/turn              (no ring)

@: very quick
A: large, hooves 3, [blurry vision 2], deformed body, [deterioration 2], speed
2, [inhibited regeneration], tough skin 3, [MP-powered wands]
a: Depart the Abyss, Renounce Religion


You were on level 2 of the Abyss.
You worshipped Lugonu.
Lugonu was aware of your devotion.
You were not hungry.

You visited 0 branches of the dungeon, and saw 0 of its levels.
You visited the Abyss 1 time.

You collected 17 gold pieces.

Inventory:

Hand Weapons
 a - a +1 hand axe (weapon)
Armour
 b - a +0 leather armour (worn)
Comestibles
 c - a ration


   Skills:
 + Level 3.0 Fighting
 + Level 1.7 Axes
 + Level 1.3 Armour
 + Level 0.6 Dodging
 + Level 2.0 Invocations


You couldn't memorise any spells.
You didn't know any spells.

Dungeon Overview and Level Annotations

Branches:
Dungeon (0/15)

Altars:


Innate Abilities, Weirdness & Mutations

You have hooves in place of feet.
Armour fits poorly on your strangely shaped body.
You cover ground very quickly.
You have extremely tough skin. (AC +3)
[Scrolls take you longer to read.]
[Your body often deteriorates upon taking damage.]
[You do not regenerate when monsters are visible.]
[You expend magic power (3 MP) to strengthen your wands.]


Message History

You bump into the stone wall.
You bump into the metal wall.
You feel less invigorated.
You feel less confused.
A small abomination emerges from the beyond.
A small abomination is nearby!
The small abomination moves out of view.
A tentacled starspawn comes into view.
A large abomination comes into view.
A tentacle flies out from the starspawn's body!
A starspawn tentacle comes into view.
The wretched star pulses with an eldritch light!
Your vision blurs. x2
The wretched star pulses with an eldritch light!
Your regeneration stops near monsters.
A spatial vortex comes into view.
A tentacled starspawn comes into view. 2 spatial vortices come into view.
The spatial maelstrom hits you. Space warps horribly around you!
Ouch! That really hurt!
You die...

#......#...#..#
...#...#..#..###
#.......v##.... # #
.#....#....##..#.# ..
..#. ...*...####.# ..#
#..###....v.#.##.#X..#
# #.##.##........#.#
#.#.#.#..v......#
.####.....@.#
..#....##v##.# .#.##
#.#### #.# # .## ...
.. .#. #. #. .. .. .
#.


You could see a tentacled starspawn, a spatial maelstrom, a wretched star and 3
spatial vortices.

Vanquished Creatures (others)
  2 starspawn tentacles (Abyss:2)
2 creatures vanquished.

Notes
Turn   | Place    | Note
-------+----------+-------------------------------------------
     0 | Abyss:1  | Gargoyl the Centaur Abyssal Knight began the quest for the Orb.
     0 | Abyss:1  | Reached XP level 1. HP: 19/19 MP: 2/2
    54 | Abyss:1  | Found a corrupted altar of Lugonu.
   133 | Abyss:1  | Noticed a large abomination
   150 | Abyss:1  | Noticed a wretched star
   152 | Abyss:1  | Noticed a crimson imp
   152 | Abyss:1  | Noticed an iron imp
   154 | Abyss:1  | Noticed a crimson imp
   154 | Abyss:1  | Noticed a crimson imp
   156 | Abyss:1  | Noticed a crimson imp
   206 | Abyss:1  | Noticed a quasit
   223 | Abyss:1  | Noticed a quasit
   230 | Abyss:1  | Noticed a quasit
   236 | Abyss:1  | Noticed a brown very ugly thing
   280 | Abyss:2  | Noticed a small abomination
   290 | Abyss:2  | Noticed a tentacled starspawn
   292 | Abyss:2  | Noticed a large abomination
   302 | Abyss:2  | Noticed a spatial maelstrom
   302 | Abyss:2  | Noticed a wretched star
   309 | Abyss:2  | Noticed a spatial vortex
   310 | Abyss:2  | Noticed a tentacled starspawn
   311 | Abyss:2  | Noticed a spatial vortex
   311 | Abyss:2  | Noticed a spatial vortex
   311 | Abyss:2  | Mangled by a spatial maelstrom

Action                   || total
-------------------------++-------
  Use: Potion            ||     1
Armor: Leather armour    ||     3
Dodge: Dodged            ||     6
